 Dungeon Crawl Stone Soup version 0.18.1-5-g4a78601 (webtiles) character file.

5373 esc the Thaumaturge (level 10, -4/52 HPs)
             Began as a Deep Elf Fire Elementalist on May 12, 2016.
             Was a Follower of Vehumet.
             Killed from afar by a gargoyle (18 damage)
             ... with a stone arrow
             ... on level 12 of the Dungeon.
             The game lasted 00:31:56 (13265 turns).

esc the Thaumaturge (Deep Elf Fire Elementalist)   Turns: 13265, Time: 00:31:57

Health: -4/52      AC:  7    Str:  5    XL:     10   Next: 39%
Magic:  3/27       EV:  7    Int: 24    God:    Vehumet [*.....]
Gold:   576        SH:  0    Dex: 15    Spells: 4 memorised, 22 levels left

rFire  . . .     SeeInvis +     j - +3 trident (freeze)
rCold  + . .     Gourm    .     h - +3 leather armour {rC+}
rNeg   . . .     Faith    .     (no shield)
rPois  .         Spirit   .     (helmet restricted)
rElec  .         Dismiss  .     y - +0 cloak
rCorr  .         Reflect  .     (no gloves)
SustAt .         Harm     .     (no boots)
MR     +....                    (no amulet)
Stlth  ++........               (no ring)
                                x - ring of see invisible {sInv, !d}

@: lethally poisoned (-4 -> -8), somewhat resistant to hostile enchantments,
unstealthy
A: antennae 1, blurry vision 1, wild magic 1
a: Renounce Religion


You were on level 12 of the Dungeon.
You worshipped Vehumet.
Vehumet was aware of your devotion.
You were not hungry.

You visited 2 branches of the dungeon, and saw 13 of its levels.

You collected 576 gold pieces.

Inventory:

Hand Weapons
 d - a +0 dagger of venom
   (You took it off a goblin on level 1 of the Dungeon)
 j - a +3 trident of freezing (weapon)
   (You found it on level 4 of the Dungeon)
 D - a +0 blowgun
   (You took it off a kobold on level 11 of the Dungeon)
 E - a +1 dagger of draining
   (You took it off a kobold on level 11 of the Dungeon)
Missiles
 f - a javelin (quivered)
 m - 57 poisoned needles
 q - a throwing net {=f, !d}
 t - 131 stones
Armour
 h - a +3 leather armour of cold resistance (worn)
   (You found it on level 1 of the Dungeon)
 n - a +2 leather armour of fire resistance
   (You found it on level 2 of the Dungeon)
 y - a +0 cloak (worn)
   (You found it on level 8 of the Dungeon)
Jewellery
 x - a ring of see invisible (left hand) {sInv, !d}
   (You took it off a goblin on level 4 of the Dungeon)
Wands
 l - a wand of flame (11/48)
   (You found it on level 11 of the Dungeon)
 z - a wand of iceblast (5/15)
   (You found it on level 9 of the Dungeon)
Scrolls
 i - 3 scrolls of enchant armour
 o - 9 scrolls of remove curse
 r - 4 scrolls of identify
 A - 2 scrolls of enchant weapon
 C - a scroll of teleportation
Potions
 e - 3 potions of curing
 g - 2 potions of resistance
 k - 2 potions of agility
 p - 3 potions of invisibility
 s - a potion of magic
 u - a potion of haste
 v - 2 potions of lignification {!q}
 B - 2 potions of heal wounds
Books
 b - a book of Flames
Comestibles
 a - a meat ration {@e2}
 c - 8 fruits
 w - 2 bread rations {@e1}


   Skills:
 - Level 1.0 Fighting
 - Level 3.2 Dodging
 - Level 2.4 Stealth
 + Level 11.6 Spellcasting
 + Level 9.7 Conjurations
 + Level 10.3 Fire Magic


You had 22 spell levels left.
You knew the following spells:

 Your Spells              Type           Power        Failure   Level  Hunger
a - Flame Tongue          Conj/Fire      #####        1%          1    None
c - Conjure Flame         Conj/Fire      ######..     1%          3    None
s - Sticky Flame          Conj/Fire      ######..     2%          4    None
x - Throw Flame           Conj/Fire      ######       1%          2    None


Dungeon Overview and Level Annotations

Branches:
Dungeon (12/15)            Temple (1/1) D:7
   Lair: D:8-11         Orc: D:9-12

Altars:
Ashenzari
Cheibriados
Dithmenos
Elyvilon
Fedhas
Gozag
Kikubaaqudgha
Makhleb
Nemelex Xobeh
Okawaru
Pakellas
Qazlal
Ru
Sif Muna
Trog
Vehumet
Xom
Yredelemnul
Zin
The Shining One

Shops:
D:5 }

Annotations:
D:3 Edmund
D:4 Eustachio
D:10 ThereIsNoGod's ghost, novice GrFi
D:11 Rekenzichi's ghost, journeyman DrGl


Innate Abilities, Weirdness & Mutations

You have a pair of small antennae on your head.
Scrolls take you a little longer to read.
Your spells are a little harder to cast, but a little more powerful.


Message History

Unknown command.
There is a stone staircase leading down here.
You climb downwards. 2 kobolds and a big kobold come into view.
There is a stone staircase leading up here.
Aim: a kobold (resting)
The puff of flame hits the kobold.
You kill the kobold!
Vehumet accepts your kill.
You feel your power returning.
The kobold shouts!
You now have 23/27 mp.
Aim: a kobold, wielding a club The puff of flame misses the kobold.
You now have 21/27 mp.
Aim: a kobold, wielding a club The flame tongue misses the kobold. 2 kobolds come into view.
You now have 20/27 mp.
Aim: a kobold, wielding a club The flame tongue hits the kobold.
You kill the kobold!
Vehumet accepts your kill.
You feel your power returning.
The kobold shouts! x2
A two-headed ogre comes into view.
It is wielding a dire flail and a giant club.
Aim: a big kobold The flame tongue hits the big kobold.
The two-headed ogre shouts in stereo!
The kobold unwields an uncursed club.
The kobold wields a blowgun.
The kobold shoots a poisoned needle.
The poisoned needle hits you!
You are poisoned.
You feel sick.
The kobold shoots a poisoned needle.
The poisoned needle hits you!
You are more poisoned.
You take 1 damage, and have 34/52 hp.
You don't know that spell.
Aim: a kobold, wielding a blowgun The flame tongue hits the kobold.
You kill the kobold!
Vehumet accepts your kill.
You feel sick.
You take 2 damage, and have 32/52 hp.
You now have 19/27 mp.
Aim: a big kobold (moderately wounded)
The sticky flame hits the big kobold.
The big kobold is covered in liquid flames!
You feel sick.
The big kobold burns!
The big kobold barely misses you.
You take 1 damage, and have 31/52 hp.
You now have 15/27 mp.
You puncture the big kobold! You freeze the big kobold.
You feel sick.
The big kobold burns! x2
You kill the big kobold!
Vehumet accepts your kill.
You take 1 damage, and have 30/52 hp.
Aim: a kobold, wielding a club The puff of flame hits the kobold.
You kill the kobold!
Vehumet accepts your kill.
You feel sick.
A giant frog comes into view.
You take 1 damage, and have 29/52 hp.
You now have 14/27 mp.
Aim: a two-headed ogre, wielding a dire flail and a giant club The puff of flame hits the two-headed ogre.
You feel sick.
You take 1 damage, and have 28/52 hp.
You now have 12/27 mp.
Aim: a two-headed ogre, wielding a dire flail and a giant club (lightly wounded)
The sticky flame hits the two-headed ogre.
The two-headed ogre is covered in liquid flames!
You feel sick.
The two-headed ogre burns!
The two-headed ogre hits you with a dire flail.
The two-headed ogre barely misses you.
You take 7 damage, and have 21/52 hp.
You now have 8/27 mp.
Aim: a two-headed ogre, wielding a dire flail and a giant club (heavily wounded, covered in liquid flames)
The puff of flame hits the two-headed ogre.
You feel sick.
The two-headed ogre burns!
A gargoyle comes into view. It is wielding a morningstar.
You take 1 damage, and have 20/52 hp.
You now have 6/27 mp.
Aim: a two-headed ogre, wielding a dire flail and a giant club (almost dead, covered in liquid flames)
The puff of flame hits the two-headed ogre.
You kill the two-headed ogre!
Vehumet accepts your kill.
You feel sick. The giant frog hits you.
You take 3 damage, and have 17/52 hp.
You now have 4/27 mp.
Aim: a giant frog The sticky flame hits the giant frog.
The giant frog is covered in liquid flames!
The giant frog burns!
The giant frog hits you.
You now have 1/27 mp.
You feel sick.
The giant frog burns!
The giant frog barely misses you. The giant frog closely misses you.
You take 1 damage, and have 16/52 hp.
You puncture the giant frog! You freeze the giant frog.
You kill the giant frog!
Vehumet accepts your kill.
You feel your power returning.
You feel sick.
You take 1 damage, and have 15/52 hp.
You regained 2 mp, and now have 3/27 mp.
You feel sick.
The gargoyle hurls a stone arrow at you.
The stone arrow hits you!
You die...

....... .$.....
.......
.......#######
.............#
.......%.....#
.............##
#...@.....?.
#...).......
#...).9...##
.....).......
###.........#.
#.##.##)#... ..
#.# ...## .##
#.# .###


You could see a gargoyle.

Vanquished Creatures
  Pikel (D:5)
  A centaur zombie (D:10)
  2 two-headed ogres
  5 yaks
  A hippogriff (D:7)
  3 hungry ghosts
  A water moccasin (D:11)
  3 ice beasts
  2 slaves (D:5)
  A black bear (D:10)
  2 phantoms
  2 centaurs (D:10)
  4 big kobolds
  2 giant frogs
  3 scorpions
  4 killer bees (D:8)
  5 wights (D:7)
  A howler monkey (D:10)
  3 crimson imps
  3 orc priests
  6 hounds
  A gnoll shaman (D:5)
  2 jellies
  3 orc wizards
  A giant frog skeleton (D:5)
  Ijyb (D:2)
  3 iguanas
  4 worker ants
  A hound zombie (D:7)
  3 hound skeletons
  A worker ant zombie (D:2)
  Robin (D:4)
  A howler monkey skeleton (D:9)
  A howler monkey zombie (D:2)
  7 gnolls
  15 adders
  2 shadow imps (D:7)
  An adder skeleton (D:2)
  An adder zombie (D:2)
  A worm (D:2)
  2 dart slugs (D:1)
  2 giant geckos
  22 orcs
  2 bat zombies (D:2)
  9 giant cockroaches
  15 goblins
  11 hobgoblins
  10 jackals
  A quokka (D:5)
  8 bats
  A giant cockroach zombie (D:2)
  A giant gecko skeleton (D:2)
  A giant newt (D:4)
  A jackal zombie (D:8)
  24 kobolds
  10 rats
225 creatures vanquished.

Vanquished Creatures (others)
  A giant gecko (D:5)
1 creature vanquished.

Grand Total: 226 creatures vanquished

Notes
Turn   | Place    | Note
--------------------------------------------------------------
     0 | D:1      | esc the Deep Elf Fire Elementalist began the quest for the Orb.
     0 | D:1      | Reached XP level 1. HP: 10/10 MP: 6/6
   208 | D:1      | Reached XP level 2. HP: 4/15 MP: 0/8
   806 | D:1      | Reached XP level 3. HP: 19/19 MP: 7/9
  1147 | D:2      | Reached skill level 3 in Dodging
  1159 | D:2      | HP: 2/19 [worker ant zombie (4)]
  1177 | D:2      | Noticed Ijyb
  1628 | D:2      | Reached skill level 2 in Conjurations
  1686 | D:2      | Reached skill level 1 in Fighting
  1686 | D:2      | Reached skill level 4 in Fire Magic
  1686 | D:2      | Reached XP level 4. HP: 21/25 MP: 6/11
  1827 | D:2      | Found a blossoming altar of Fedhas.
  1837 | D:2      | Found a glowing silver altar of Zin.
  2167 | D:2      | Reached skill level 4 in Spellcasting
  2170 | D:2      | HP: 6/25 [gnoll/flail (6)]
  2201 | D:2      | HP: 6/25 [jackal (2)]
  2564 | D:2      | Killed Ijyb
  2564 | D:2      | Reached XP level 5. HP: 28/29 MP: 0/13
  3045 | D:3      | Reached skill level 3 in Conjurations
  3098 | D:3      | Learned a level 2 spell: Throw Flame
  3102 | D:3      | Learned a level 3 spell: Conjure Flame
  3357 | D:3      | Reached skill level 5 in Spellcasting
  3562 | D:3      | Reached XP level 6. HP: 10/34 MP: 1/15
  3835 | D:3      | Found a sparkling altar of Nemelex Xobeh.
  4352 | D:4      | Noticed Edmund
  4435 | D:4      | Reached skill level 5 in Fire Magic
  4448 | D:4      | Noticed Robin
  4463 | D:4      | Reached skill level 4 in Conjurations
  4506 | D:4      | Killed Robin
  4801 | D:4      | Found a sacrificial altar of Ru.
  4891 | D:4      | Noticed Eustachio
  4901 | D:4      | HP: 7/34 [Eustachio/wand of flame (2)]
  5167 | D:4      | Reached skill level 6 in Spellcasting
  5167 | D:4      | Reached XP level 7. HP: 14/38 MP: 0/18
  5178 | D:4      | Learned a level 4 spell: Sticky Flame
  5731 | D:5      | Entered Level 5 of the Dungeon
  6077 | D:5      | Noticed Pikel
  6089 | D:5      | Killed Pikel
  6089 | D:5      | Reached skill level 7 in Spellcasting
  6089 | D:5      | Reached skill level 5 in Conjurations
  6089 | D:5      | Reached skill level 6 in Fire Magic
  6089 | D:5      | Reached XP level 8. HP: 42/43 MP: 16/21
  6272 | D:5      | Reached skill level 7 in Fire Magic
  6413 | D:5      | Found Nusihoarph's Gadget Emporium.
  6651 | D:6      | Gained mutation: You have a pair of small antennae on your head. [potion of mutation]
  6651 | D:6      | Gained mutation: Scrolls take you a little longer to read. [potion of mutation]
  6651 | D:6      | Gained mutation: Your spells are a little harder to cast, but a little more powerful. [potion of mutation]
  6882 | D:6      | Reached skill level 6 in Conjurations
  6944 | D:6      | Reached skill level 8 in Spellcasting
  7202 | D:7      | Found a glowing golden altar of the Shining One.
  7288 | D:7      | Found a staircase to the Ecumenical Temple.
  7297 | Temple   | Entered the Ecumenical Temple
  7386 | Temple   | Became a worshipper of Vehumet
  8293 | D:7      | Reached skill level 7 in Conjurations
  8783 | D:8      | Reached skill level 9 in Spellcasting
  8783 | D:8      | Reached skill level 8 in Fire Magic
  8788 | D:8      | Reached XP level 9. HP: 46/47 MP: 5/24
  9377 | D:8      | Found a shattered altar of Ashenzari.
  9386 | D:8      | Reached * piety under Vehumet
  9386 | D:8      | Offered knowledge of Shock by Vehumet.
 11030 | D:10     | Entered Level 10 of the Dungeon
 11084 | D:10     | Reached skill level 10 in Spellcasting
 11084 | D:10     | Reached skill level 8 in Conjurations
 11084 | D:10     | Reached skill level 9 in Fire Magic
 11127 | D:10     | Noticed ThereIsNoGod's ghost (novice GrFi)
 11167 | D:10     | HP: 3/47 [centaur/arrow (14)]
 11184 | D:10     | HP: 6/47 [ThereIsNoGod's ghost (7)]
 12266 | D:10     | Reached skill level 9 in Conjurations
 12266 | D:10     | Reached XP level 10. HP: 48/52 MP: 23/26
 12281 | D:10     | Reached skill level 11 in Spellcasting
 12624 | D:10     | Reached skill level 10 in Fire Magic
 12680 | D:10     | HP: 13/52 [hungry ghost (2)]
 13125 | D:11     | HP: 13/52 [poisoned by a kobold]
 13233 | D:11     | Noticed Rekenzichi's ghost (journeyman DrGl)
 13261 | D:12     | Noticed a gargoyle
 13265 | D:12     | Killed from afar by a gargoyle

Skill      XL: |  1  2  3  4  5  6  7  8  9 10 |
---------------+-------------------------------+-----
Dodging        | 3 |  3.2
Conjurations   | 2 3 4 5 7 9 |  9.7
Fighting       | 1 |  1.0
Fire Magic     | 4 5 6 8 9 10 | 10.3
Spellcasting   | 4 5 6 7 9 10 11 | 11.6
Stealth        | |  2.4

Action                   |  1- 3 |  4- 6 |  7- 9 | 10-12 || total
-------------------------+-------+-------+-------+-------++-------
Melee: Dagger            |    24 |    22 |       |       ||    46
       Trident           |       |    38 |   171 |    37 ||   246
Throw: Javelin           |       |    11 |     1 |       ||    12
 Cast: Flame Tongue      |    81 |   121 |    18 |     5 ||   225
       Throw Flame       |       |    45 |    42 |    11 ||    98
       Conjure Flame     |       |     3 |       |       ||     3
       Sticky Flame      |       |       |    61 |    20 ||    81
  Use: Scroll            |     2 |     6 |    12 |       ||    20
       Potion            |     2 |     1 |     2 |       ||     5
 Stab: Sleeping          |       |     1 |     6 |     1 ||     8
       Distracted        |       |       |       |     1 ||     1
  Eat: Chunk             |     1 |     7 |     6 |     9 ||    23
       Bread ration      |     1 |       |     1 |       ||     2
       Fruit             |       |       |    16 |     3 ||    19
       Beef jerky        |       |       |     2 |       ||     2
       Royal jelly       |       |       |     1 |       ||     1
       Pizza             |       |       |     1 |       ||     1
       Meat ration       |       |       |       |     1 ||     1
Armor: Robe              |     5 |       |       |       ||     5
       Leather armour    |    36 |    67 |    74 |    23 ||   200
Dodge: Dodged            |    59 |   113 |   145 |    28 ||   345

Vault maps used:
D:1:      lightli_arrival_quake
D:2:      minitemple, serial_undead, serial_undead_e, serial_undead_a,
          serial_undead_f, serial_undead_f, serial_undead_b, serial_undead_b,
          minivault_19, uniq_iyjb
D:3:      overflow_temple_1_default
D:4:      minmay_door_path, lemuel_round_altar, serial_bayou_pond_d,
          uniq_edmund, uniq_eustachio, uniq_robin
D:5:      first_bread, serial_shops, nicolae_shop_window_shopping, uniq_pikel
D:7:      minmay_temple_entry_glass, basic_altar, minmay_misc_feat_enclosed,
          dk_vineyard_1
D:8:      ashenzari_altar_1
D:11:     minmay_lair_entry_lava, basic_altar
D:12:     orc_0_dummy, nicolae_trove_entry_free_sample, hangedman_tree_tricks
Temple:   nicolae_temple_elliptical

Table legend:
 A = Turns spent in this place as a percentage of turns spent in the entire game.
 B = Non-inter-level travel turns spent in this place as a percentage of non-inter-level travel turns spent in the entire game.
 C = Inter-level travel turns spent in this place as a percentage of turns spent in this place.
 D = Turns resting spent in this place as a percentage of non-inter-level travel turns spent in this place.
 E = Turns spent auto-exploring this place as a percentage of non-inter-level travel turns spent in this place.
 F = Non-inter-level travel turns spent in this place divided by the number of levels of this place that you've seen.
                   A       B       C       D       E      F
               +-------+-------+-------+-------+-------+----------------------
         Total | 100.0 | 100.0 |   1.0 |   5.5 |   8.4 | 210.1
       Dungeon |  96.7 |  96.7 |   1.0 |   5.6 |   8.7 | 220.1
        Temple |   3.3 |   3.3 |   1.1 |   0.0 |   0.0 |  90.0
               +-------+-------+-------+-------+-------+----------------------

Table legend:
 A = Kills in this place as a percentage of kills in entire the game.
 B = Kills by you in this place as a percentage of kills by you in the entire game.
 C = Kills by friends in this place as a percentage of kills by friends in the entire game.
 D = Other kills in this place as a percentage of other kills in the entire game.
 E = Experience gained in this place as a percentage of experience gained in the entire game.
 F = Experience gained in this place divided by the number of levels of this place that you have seen.
                   A       B       C       D       E      F
               +-------+-------+-------+-------+-------+----------------------
         Total | 100.0 | 100.0 |  -nan |  -nan | 100.0 | 590.5
       Dungeon | 100.0 | 100.0 |  -nan |  -nan | 100.0 | 639.8
               +-------+-------+-------+-------+-------+----------------------
